 Dungeon Crawl Stone Soup version 0.31-a0-177-g4aa6249778 (webtiles) character file.

Game seed: 13085800770718795958

1509 exxonimmobile the Trooper (level 8, 0/87 HPs)
             Began as an Ogre Berserker on June 19, 2023.
             Was a Believer of Trog.
             Slain by a yak (13 damage)
             ... on level 6 of the Dungeon.
             The game lasted 00:24:51 (7707 turns).

exxonimmobile the Trooper (Ogre Berserker)          Turns: 7707, Time: 00:24:51

Health: 0/87       AC:  4    Str: 22    XL:     8   Next: 83%
Magic:  8/8        EV: 16    Int:  8    God:    Trog [**....]
Gold:   294        SH:  0    Dex: 10    Spells: 7/7 levels left

rFire   . . .        a - +0 hand axe
rCold   . . .        (no shield)
rNeg    . . .        b - +0 animal skin
rPois   .            (helmet restricted)
rElec   .            r - +0 cloak
rCorr   .            (gloves unavailable)
SInv    .            (boots unavailable)
Will    .....        (no amulet)
Stlth   ++           g - +5 ring of evasion
HPRegen 0.34/turn    (no ring)
MPRegen 0.11/turn

%: no passive effects
@: no status effects
A: large, unfitting armour, tough skin 1
a: Renounce Religion, Berserk, Trog's Hand


You were on level 6 of the Dungeon.
You worshipped Trog.
Trog was pleased with you.
You visited 2 branches of the dungeon, and saw 8 of its levels.

You collected 372 gold pieces.
You spent 78 gold pieces at shops.

Inventory:

Hand Weapons
 a - a +0 hand axe (weapon)
Missiles
 h - 52 stones (quivered)
 k - 4 silver javelins
Armour
 b - a +0 animal skin (worn)
 r - a +0 cloak (worn)
Jewellery
 g - a +5 ring of evasion (left hand)
Scrolls
 e - a scroll of blinking
 m - a scroll of teleportation
 n - a scroll of enchant armour {unknown}
 o - a scroll of immolation {unknown}
 p - 4 scrolls of identify
 s - a scroll of fear {unknown}
Potions
 c - a potion of heal wounds
 d - a potion of brilliance {unknown}
 f - 2 potions of attraction
 i - 3 potions of curing {unknown}
 j - 4 potions of haste
 l - a potion of mutation {unknown}
 q - 2 potions of cancellation {unknown}


   Skills:
 * Level 7.3 Fighting
 * Level 7.2 Axes
 * Level 3.1 Throwing
 * Level 5.2 Dodging
 * Level 2.6 Stealth


You had 7 spell levels left.
You didn't know any spells.
Your spell library was empty.

Dungeon Overview and Level Annotations

Branches:
Dungeon (7/15)             Temple (1/1) D:6

Altars:
Cheibriados
Elyvilon
Gozag
Hepliaklqana
Kikubaaqudgha
Makhleb
Nemelex Xobeh
Okawaru
Ru
Sif Muna
Trog
Uskayaw
Vehumet
Wu Jian
Yredelemnul
Zin

Shops:
D:2 (:(?:   D:4 *   D:5 **


Innate Abilities, Weirdness & Mutations

You are too large for most types of armour.
You have tough skin. (AC +1)


Message History

You hit the yak but do no damage.
The yak is lightly wounded.
You hit the yak but do no damage. The yak misses you.
The yak completely misses you.
You hit the yak but do no damage.
The yak is lightly wounded.
You hit the yak. The yak gores you but does no damage. The yak gores you.
You slash the yak!
The yak is moderately wounded.
You slash the yak! The yak completely misses you. The yak gores you.
You hit the yak but do no damage. You punch the yak, but do no damage.
The yak is moderately wounded.
You completely miss the yak. The yak completely misses you.
The yak closely misses you.
The yak bellows!
You hit the yak.
The yak is heavily wounded.
You closely miss the yak. The yak gores you! x2
* * * LOW HITPOINT WARNING * * *
You hit the yak.
The yak is heavily wounded.
You hit the yak. The yak closely misses you. The yak gores you!
* * * LOW HITPOINT WARNING * * *
The yak attacks as you move away! The yak barely misses you.
Things that are here:
a +0 club; an orc corpse
There is a stone staircase leading up here.
The yak gores you.
* * * LOW HITPOINT WARNING * * *
You climb upwards.
There is a stone staircase leading down here.
You slash the yak!
The yak is severely wounded.
You hit the yak.
The yak is severely wounded.
The yak barely misses you.
You completely miss the yak.
The yak is severely wounded.
The yak gores you!
You die...

#......#
##............#####..
...##..##
#...........## #..
..####[.##
##.........## ##. ..#
##..## ##........##
#. .## #...##
##..<......# ## .#
#....## #....####..#
.# ###....###..###
##?#
.#####...........#
####
........####....@##
#.# ....#####
#....Y.# ##.## ..###
#..##..## #...# .##
#..###..## ##..## .#
##.## ##..###..##
.### #..# ##.#...##
...### ##.##
#....####### .....###
#..# ##......#..#
#......###..###
#.........##


You could see a yak.

Vanquished Creatures
  An orc warrior (D:7)
  3 phantoms
  A bullfrog (D:7)
  3 scorpions
  2 howler monkeys
  A hound (D:6)
  5 jellies
  4 orc priests
  Crazy Yiuf (D:5)
  2 iguanas
  7 orc wizards
  Terence (D:2)
  3 gnolls (D:3)
  9 adders
  2 white imps (D:5)
  An ufetubus (D:4)
  3 worms
  2 dart slugs
  31 orcs
  5 ball pythons
  4 endoplasms
  3 giant cockroaches
  12 goblins
  5 hobgoblins
  2 jackals (D:3)
  3 quokkas
  6 bats
  4 kobolds
  2 rats
128 creatures vanquished.

Vanquished Creatures (others)
  A bullfrog (D:7)
  An orc (D:4)
2 creatures vanquished.

Grand Total: 130 creatures vanquished

Notes
Turn   | Place    | Note
-------+----------+-------------------------------------------
     0 | D:1      | exxonimmobile the Ogre Berserker began the quest for the
                  | Orb.
     0 | D:1      | Reached XP level 1. HP: 24/24 MP: 1/1
   232 | D:1      | Reached XP level 2. HP: 30/32 MP: 2/2
   544 | D:1      | Noticed an eye of devastation
   545 | D:1      | Found a faded altar of an unknown god.
   549 | D:1      | Noticed a shining eye
   549 | D:1      | Noticed an eye of devastation
   549 | D:1      | Noticed a golden eye
   930 | D:2      | Reached XP level 3. HP: 40/40 MP: 3/3
   988 | D:2      | Found Oxijinnu's Book Emporium.
  1011 | D:2      | Found Ceojuhau's Antique Weapon Shop.
  1096 | D:2      | Found Vosiqos's Book Shoppe.
  1178 | D:2      | Found Soif's Magic Scroll Shoppe.
  1246 | D:2      | Bought a scroll of identify for 28 gold pieces
  1246 | D:2      | Bought a scroll of identify for 28 gold pieces
  1369 | D:2      | Reached XP level 4. HP: 26/49 MP: 4/4
  1371 | D:2      | Found Deimivib's Weapon Boutique.
  1688 | D:2      | Noticed Terence
  1708 | D:2      | Killed Terence
  1769 | D:2      | Identified the +1 ring mail of the Modern God {rF++ Str+2}
  2170 | D:3      | Found a snail-covered altar of Cheibriados.
  2232 | D:3      | Reached skill level 5 in Fighting
  2293 | D:3      | Reached XP level 5. HP: 24/57 MP: 5/5
  2447 | D:3      | Reached skill level 1 in Stealth
  2479 | D:3      | Identified the +3 leather armour "Xerat" {rCorr}
  2490 | D:3      | Reached ** piety under Trog
  2562 | D:3      | Reached skill level 1 in Throwing
  3053 | D:4      | Found an ancient bone altar of Kikubaaqudgha.
  3165 | D:4      | Found Rorin's General Store.
  3201 | D:4      | Reached XP level 6. HP: 18/66 MP: 6/6
  3505 | D:4      | Bought a scroll of identify for 22 gold pieces
  3760 | D:4      | Found a radiant altar of Vehumet.
  3952 | D:4      | Found a hazy altar of Hepliaklqana.
  4051 | D:4      | Found a shimmering blue altar of Sif Muna.
  4149 | D:5      | Entered Level 5 of the Dungeon
  4255 | D:5      | Found a glowing silver altar of Zin.
  4388 | D:5      | Reached XP level 7. HP: 51/74 MP: 7/7
  4688 | D:5      | Found Rasjum's Retail Resort.
  4698 | D:5      | Reached skill level 5 in Axes
  4775 | D:5      | Found an opulent altar of Gozag.
  4784 | D:5      | Found a sparkling altar of Nemelex Xobeh.
  4789 | D:5      | Found Gozag's Platinum Reserve.
  5488 | D:5      | Found a runed translucent door.
  5489 | D:5      | Noticed Crazy Yiuf
  5499 | D:5      | Killed Crazy Yiuf
  5942 | D:6      | Reached XP level 8. HP: 69/84 MP: 8/8
  6505 | D:6      | Found a sacrificial altar of Ru.
  6535 | D:6      | Reached skill level 5 in Dodging
  6853 | D:6      | Found a staircase to the Ecumenical Temple.
  7358 | Temple   | Entered the Ecumenical Temple
  7678 | D:7      | Noticed a yak
  7678 | D:7      | Noticed a yak
  7679 | D:7      | Noticed a yak
  7684 | D:7      | Noticed a yak
  7707 | D:6      | Slain by a yak

Illustrated notes

Levels and vault maps discovered:
D:1:      onia_arrival_pyramid, layout_basic,
          hellmonk_ecumenical_altar_watching_god
D:2:      layout_loops_ring, serial_shops, nicolae_shop_real_fake_doors, shop,
          shop, shop_statue, nicolae_shop_behind_doors, hex_large,
          bh_walls_and_bars, uniq_terence
D:3:      layout_basic, lemuel_coloured_pillars_altar
D:4:      layout_basic, mainiacjoe_overflow_chevrons, fiery_altar_vehumet,
          kennysheep_mini, led_sif_pool, gup_sewer_entry_pipe, serial_shops,
          shop
D:5:      layout_basic, lemuel_crystal_altar, nicolae_overflow_hidden_temple,
          nicolae_gozag_zags_fifth_avenue, nicolae_alphabet_shops, minivault_5,
          uniq_crazy_yiuf_cottage
D:6:      layout_layer_cave, hangedman_ru_absence
D:7:      layout_cave_pools, nicolae_dithmenos_shadow_blocks,
          chequers_serial_rivers_small_3
Temple:   nicolae_temple_bog_church

Skill      XL: |  1  2  3  4  5  6  7  8 |
---------------+-------------------------+-----
Dodging        | 3 4 5 |  5.2
Fighting       | 5 6 7 |  7.3
Stealth        | 1 2 |  2.6
Throwing       | 1 2 3 |  3.1
Axes           | 4 6 7 |  7.2

Action                     |  1- 3 |  4- 6 |  7- 9 || total
---------------------------+-------+-------+-------++-------
  Melee: Hand axe          |   106 |   279 |   236 ||   621
         Punch             |     1 |     3 |     9 ||    13
  Throw: Stone             |       |     2 |     1 ||     3
 Invoke: Berserk           |       |     4 |     6 ||    10
         Trog's Hand       |       |       |     1 ||     1
    Use: Scroll            |     3 |     4 |       ||     7
         Potion            |       |       |     1 ||     1
   Stab: Sleeping          |       |       |     1 ||     1
 Armour: Animal skin       |    31 |    30 |    27 ||    88
  Dodge: Dodged            |    77 |   195 |   178 ||   450

Table legend: (Time is in decaauts)
 A = Elapsed time spent in this place.
 B = Non-inter-level travel time spent in this place.
 C = Inter-level travel time spent in this place.
 D = Time resting spent in this place.
 E = Time spent auto-exploring this place.
 F = Levels seen in this place.
 G = Mean time per level.
                   A        B        C        D        E       F      G
               +--------+--------+--------+--------+--------+-----+--------+
         Total |   7840 |   7638 |    202 |    757 |   5354 |   8 |  980.0 |
       Dungeon |   7656 |   7485 |    171 |    757 |   5209 |   7 | 1093.7 |
        Temple |    183 |    152 |     31 |      0 |    145 |   1 |  183.0 |
               +--------+--------+--------+--------+--------+-----+--------+

Top non-repeatable levels by time:
     D:6: 1655 daAuts
     D:5: 1634 daAuts
     D:4: 1137 daAuts
     D:2: 1118 daAuts
     D:3: 1035 daAuts
     D:1: 927 daAuts
  Temple: 183 daAuts
     D:7: 147 daAuts
